 Dungeon Crawl Stone Soup version 0.31-a0-1202-ga8fea8b373 (webtiles) character file.

Game seed: 16241229712673480211

24 ShadedSkies the Digger (level 3, 26/26 HPs)
             Began as a Ghoul Earth Elementalist on Dec 12, 2023.
             Quit the game on level 1 of the Dungeon on Dec 24, 2023.
             The game lasted 00:01:31 (845 turns).

ShadedSkies the Digger (Ghoul Earth Elementalist)    Turns: 845, Time: 00:01:31

Health: 26/26      AC:  2    Str: 11    XL:     3   Next: 2%
Magic:  4/4        EV: 12    Int: 16    God:
Gold:   38         SH:  0    Dex:  9    Spells: 4/5 levels left

rFire   . . .        d - +0 war axe (elec)
rCold   + . .        (no shield)
rNeg    + + +        a - +0 robe
rPois   ∞            (no helmet)
rElec   .            (no cloak)
rCorr   .            (no gloves)
SInv    .            (no boots)
Will    .....        (no amulet)
Stlth   ++           (no ring)
HPRegen 0.00/turn    (no ring)
MPRegen 0.09/turn

%: no passive effects
@: inhibited regen
A: claws 1, cold resistance 1, negative energy resistance 3, inhibited
regeneration, torment resistance 2, devour on kill
a: no special abilities


You were on level 1 of the Dungeon.
You visited 1 branch of the dungeon, and saw 1 of its levels.

You collected 38 gold pieces.

Inventory:

Hand Weapons
 d - a +0 war axe of electrocution (weapon)
Armour
 a - a +0 robe (worn)
Scrolls
 e - a scroll of poison {unknown}
 f - a scroll of teleportation {unknown}
 g - a scroll of revelation {unknown}
 i - a scroll of identify {unknown}
Potions
 b - a potion of magic
 c - 2 potions of mutation {unknown}
 h - a potion of haste {unknown}


   Skills:
 - Level 1.7 Dodging
 - Level 2.1 Stealth
 - Level 1.7 Spellcasting
 - Level 0.8 Transmutations
 + Level 4.5 Earth Magic


You had 4 spell levels left.
You knew the following spells:

 Your Spells              Type           Power      Damage    Failure   Level
a - Sandblast             Erth           30%        2d9       3%          1

Your spell library contained the following spells:

 Spells                   Type           Power      Damage    Failure   Level
 Passwall                 Tmut/Erth      8%         N/A       11%         2
 Shock                    Conj/Air       4%         1d3       22%         1
 Stone Arrow              Conj/Erth      16%        3d8       26%         3
 Petrify                  Tmut/Erth      10%        N/A       56%         4
 Animate Armour           Summ/Erth      16%        N/A       63%         4
 Brom's Barrelling Bould  Conj/Erth      8%         2d3       63%         4
 Summon Lightning Spire   Summ/Air       1%         N/A       91%         4
 Lee's Rapid Deconstruct  Erth           7%         3d7*      67%         5


Dungeon Overview and Level Annotations

Branches:
Dungeon (1/15)

Altars:

Shops:
D:1 (


Innate Abilities, Weirdness & Mutations

You are immune to poison.
You have sharp fingernails.
Your flesh is cold resistant. (rC+)
You are immune to negative energy. (rN+++)
You do not regenerate when monsters are visible.
You are immune to unholy pain and torment.
You thrive by killing the living.


Message History

Aim: a bat (73% to hit)
The blast of sand hits the bat!
You kill the bat!
Casting: Sandblast (safe; 3% risk of failure)
Confirm with . or Enter, or press ? or * to list all spells.
You can't see any susceptible monsters within range! (Use Z to cast anyway.)
Casting: Sandblast (safe; 3% risk of failure)
Confirm with . or Enter, or press ? or * to list all spells.
You can't see any susceptible monsters within range! (Use Z to cast anyway.)
Found 2 stones.
Found Olang's Weapon Boutique.
g - a scroll labelled NALIS HIWONK
There is an entrance to Olang's Weapon Boutique here.
You open the door.
There is an open door here.
A hobgoblin comes into view.
The hobgoblin shouts!
Casting: Sandblast (safe; 3% risk of failure)
Confirm with . or Enter, or press ? or * to list all spells.
Aiming: Sandblast (safe; 3% risk of failure)
Press: ? - help, Shift-Dir - straight line, f - hobgoblin
Aim: a hobgoblin (82% to hit)
The blast of sand hits the hobgoblin!
You kill the hobgoblin!
You have reached level 3!
Your experience leads to an increase in your attributes!
Increase (S)trength, (I)ntelligence, or (D)exterity?
You feel clever. x2
h - a bubbling inky potion You open the door.
There is an open door here.
i - a scroll labelled KOMMAXTUFA You open the door.
There is an open door here.
A kobold comes into view. It is wielding a +0 dagger.
A kobold is nearby!
Saving game... please wait.
Welcome back, ShadedSkies the Ghoul Earth Elementalist.
Press ? for a list of commands and other information.
Are you sure you want to abandon this character and quit the game? (Confirm with "yes".)

#...)..##P#.#..#
#.#.#.^P.#.#...#
#.#.#..##P#....#
#.#.#....#...#.#
#.#....##P..##.#
#.###......##..##
#.# ##..........#
#.# #.########.#
##.# #. #@# ...#
# #.# ...# #.#
..†# #.#
...####.# #.#
........# #.#
..######## #.#
..'....... .K#
..########


You could see a kobold (asleep).

Vanquished Creatures
  2 dart slugs (D:1)
  A giant cockroach (D:1)
  2 goblins (D:1)
  4 hobgoblins (D:1)
  3 kobolds (D:1)
  3 ball pythons (D:1)
  A bat (D:1)
  A frilled lizard (D:1)
  3 rats (D:1)
20 creatures vanquished.

Notes
Turn   | Place    | Note
-------+----------+-------------------------------------------
     0 | D:1      | ShadedSkies the Ghoul Earth Elementalist began the quest
                  | for the Orb.
     0 | D:1      | Reached XP level 1. HP: 14/14 MP: 2/2
   115 | D:1      | Found a faded altar of an unknown god.
   133 | D:1      | Reached XP level 2. HP: 16/20 MP: 0/3
   153 | D:1      | Got Plato's Compendium of Wounds
   201 | D:1      | Reached skill level 4 in Earth Magic
   705 | D:1      | Found Olang's Weapon Boutique.
   738 | D:1      | Reached XP level 3. HP: 26/26 MP: 2/4
   845 | D:1      | Quit the game

Illustrated notes

Levels and vault maps discovered:
D:1:      giann_bridges, layout_basic, shapermc_ecumenical_altar_rom_forum,
          serial_shops, shop

Skill      XL: |  1  2 |
---------------+-------+-----
Earth Magic    | 4 |  4.5
Dodging        | |  1.7
Stealth        | |  2.1
Spellcasting   | |  1.7
Transmutations | |  0.8

Action                     || total
---------------------------++-------
  Melee: Unarmed           ||    14
         War axe           ||    11
         Punch             ||     1
   Cast: Sandblast         ||    20
 Armour: Robe              ||    19
  Dodge: Dodged            ||    16

Table legend: (Time is in decaauts)
 A = Elapsed time spent in this place.
 B = Non-inter-level travel time spent in this place.
 C = Inter-level travel time spent in this place.
 D = Time resting spent in this place.
 E = Time spent auto-exploring this place.
 F = Levels seen in this place.
 G = Mean time per level.
                   A        B        C        D        E       F      G
               +--------+--------+--------+--------+--------+-----+--------+
         Total |    862 |    856 |      6 |     18 |    711 |   1 |  862.0 |
       Dungeon |    862 |    856 |      6 |     18 |    711 |   1 |  862.0 |
               +--------+--------+--------+--------+--------+-----+--------+

Top non-repeatable levels by time:
     D:1: 862 daAuts
